 Dungeon Crawl Stone Soup version 0.24.0-123-gd5b16e6ec5 (webtiles) character file.

Game seed: 10017783917130873425, levelgen mode: deterministic

35 FishyPogo the Skirmisher (level 3, 0/29 HPs)
             Began as a Demonspawn Chaos Knight on Feb 9, 2020.
             Was a Plaything of Xom.
             Succumbed to an adder's poison
             ... on level 2 of the Dungeon.
             The game lasted 00:02:20 (980 turns).

FishyPogo the Skirmisher (Demonspawn Chaos Knight)   Turns: 980, Time: 00:02:20

Health: 0/29       AC:  5    Str: 18    XL:     3   Next: 16%
Magic:  3/3        EV: 11    Int: 13    God:    Xom [...*..]
Gold:   39         SH:  0    Dex: 12    Spells: 2/2 levels left

rFire    . . .     SeeInvis .   a - +0 hand axe (chaos)
rCold    + . .     Gourm    .   (no shield)
rNeg     . . .     Faith    .   b - +2 leather armour
rPois    .         Spirit   .   (helmet restricted)
rElec    .         Reflect  .   (no cloak)
rCorr    .         Harm     .   (no gloves)
MR       .....                  (no boots)
Stlth    +.........             (no amulet)
HPRegen  0.09/turn              k - ring of protection from cold
MPRegen  0.08/turn              (no ring)

@: mighty, lethally poisoned (0 -> -8)
A: horns 1
a: Renounce Religion


You were on level 2 of the Dungeon.
You worshipped Xom.
You were a favourite toy of Xom.
You were not hungry.

You visited 1 branch of the dungeon, and saw 2 of its levels.

You collected 39 gold pieces.

Inventory:

Hand Weapons
 a - a +0 hand axe of chaos (weapon)
Missiles
 h - 47 sling bullets
 i - 16 stones (quivered)
Armour
 b - a +2 leather armour (worn)
Jewellery
 k - a ring of protection from cold (left hand)
Scrolls
 d - a scroll of identify {unknown}
 f - a scroll of teleportation {unknown}
 j - a scroll of magic mapping {unknown}
Comestibles
 c - 3 rations
 g - a chunk of flesh


   Skills:
 + Level 3.2 Fighting
 - Level 3.0 Axes
 * Level 2.4 Armour
 - Level 1.0 Dodging
 * Level 0.9 Unarmed Combat


You had 2 spell levels left.
You didn't know any spells.
Your spell library was empty.

Dungeon Overview and Level Annotations

Branches:
Dungeon (2/15)

Altars:


Innate Abilities, Weirdness & Mutations

You have a pair of small horns on your head.


Message History

A bat and a phantom come into view.
* * * LOW HITPOINT WARNING * * *
You feel sick.
The hobgoblin shouts!
You hear an angry hiss.
The bat misses you.
You see here an adder corpse.
You are too injured to fight recklessly!
You are too injured to fight recklessly!
Unknown command.
You closely miss the bat.
* * * LOW HITPOINT WARNING * * *
You feel sick. The bat misses you. The bat hits you but does no damage.
The bat closely misses you. The bat barely misses you.
Unknown command.
You hit the bat.
You kill the bat!
You hit the bat.
You kill the bat!
You die...
Xom chortles!

......#
..#...###
#.......#
#........ #
#...[... #.
#.....
#..##.##.†# .
#....g.@.# ..
..###.#†## ... #
#..## ....
#.#...#.....
#.###.##.....≈P.
.<.......W...≈P.
.......<..⌠.....
##.##.###......#
#. #...###


You could see a phantom and a hobgoblin.

Vanquished Creatures
  An adder (D:2)
  A worm (D:2)
  A leopard gecko (D:1)
  5 bats
  A giant cockroach (D:1)
  4 goblins (D:1)
  4 hobgoblins
  A kobold (D:1)
  A ball python (D:2)
  3 rats (D:1)
22 creatures vanquished.

Notes
Turn   | Place    | Note
-------+----------+-------------------------------------------
     0 | D:1      | FishyPogo the Demonspawn Chaos Knight began the quest for
                  | the Orb.
     0 | D:1      | Reached XP level 1. HP: 18/18 MP: 1/1
   203 | D:1      | Reached skill level 1 in Dodging
   299 | D:1      | XOM: 3-stop teleportation journey
   334 | D:1      | XOM: medium Ice miscast
   484 | D:1      | Gained mutation: You have a pair of small horns on your
                  | head. [demonic ancestry]
   484 | D:1      | Reached XP level 2. HP: 24/24 MP: 2/2
   955 | D:2      | XOM: noise
   975 | D:2      | Reached XP level 3. HP: 14/29 MP: 3/3
   978 | D:2      | Noticed a phantom
   979 | D:2      | HP: 1/29 [poisoned by an adder]
   980 | D:2      | Succumbed to an adder's poison

Levels and vault maps discovered:
D:1:      roderic_lyre, layout_basic, serial_forest, infiniplex_forest_pool,
          infiniplex_forest_diagonal, infiniplex_forest_end_3,
          infiniplex_forest_clump_cross, infiniplex_forest_lined_2
D:2:      layout_loops_ring, tso_oasis_becter, overflow_temple_1_default,
          lemuel_round_altar, nemelex_lonely_heart_becter

Skill      XL: |  1  2 |
---------------+-------+-----
Dodging        | 1 |  1.0
Armour         | 2 |  2.4
Axes           | 3 |  3.0
Fighting       | |  3.2
Unarmed Combat | |  0.9

Action                   || total
-------------------------++-------
Melee: Hand axe          ||    52
       Headbutt          ||     5
  Use: Potion            ||     1
 Stab: Paralysed         ||     2
Armor: Leather armour    ||    15
Dodge: Dodged            ||    37
